 Dungeon Crawl Stone Soup version 0.23.1-37-gaa34b87b72 (webtiles) character file.

Game seed: 9875562133823255627

465742 PikkenKukken the Slayer (level 24, -4/208 HPs)
             Began as a Merfolk Gladiator on Mar 24, 2019.
             Was a High Priest of Okawaru.
             Killed by the air
             ... invoked by a spriggan air mage
              (34 damage)
             ... on level 5 of the Depths.
             The game lasted 04:09:11 (64056 turns).

PikkenKukken the Slayer (Merfolk Gladiator)        Turns: 64056, Time: 04:09:12

Health: -4/208     AC: 25    Str: 26    XL:     24   Next: 57%
Magic:  31/31      EV: 36    Int: 10    God:    Okawaru [*****.]
Gold:   4390       SH:  6    Dex: 27    Spells: 22/34 levels left

rFire    . . .     SeeInvis +   a - +4 trident of Mourning {elec, +Blink rC+ Stlth+}
rCold    + . .     Gourm    .   (no shield)
rNeg     + . .     Faith    .   h - +4 ring mail of the Cricket {rN+ Regen+ Dex+2}
rPois    .         Spirit   .   x - +2 helmet
rElec    .         Reflect  +   q - +2 cloak
rCorr    .         Harm     .   j - +1 pair of gloves {archery}
MR       ++...                  c - +2 pair of boots {Fly}
Stlth    +++++.....             G - +6 amulet of reflection
HPRegen  0.00/turn              Y - ring "Abedgh" {Str+6 Dex+4 SInv Stlth+}
MPRegen  0.22/turn              X - ring "Coapn" {MR+ Str+3 Slay+3}

@: heroism, marked, flying
A: change form in water, swift swim, stealthy swim, inhibited regeneration
}: 2/15 runes: serpentine, barnacled
a: Heroism, Finesse, Renounce Religion, Evoke Blink, Stop Flying


You were on level 5 of the Depths.
You worshipped Okawaru.
Okawaru was extremely pleased with you.
You were hungry.

You visited 8 branches of the dungeon, and saw 43 of its levels.
You also visited: Trove and Ice Cave.

You collected 5090 gold pieces.
You spent 700 gold pieces at shops.

Inventory:

Hand Weapons
 a - the +4 trident of Mourning (weapon) {elec, +Blink rC+ Stlth+}
   (Okawaru gifted it to you on level 1 of the Snake Pit)

   Occasionally, upon striking a foe, it will discharge some electrical energy
   and cause terrible harm.
   It protects you from cold.
   It lets you blink.
   It makes you more stealthy.
 b - the +6 arbalest "Damnation" {damnation}
   (You found it on level 3 of the Lair of Beasts)
 p - a +2 antimagic trident
Missiles
 d - 14 throwing nets
 i - 21 javelins of penetration
 k - 1127 bolts
 F - 15 javelins of returning (quivered)
Armour
 c - a +2 pair of boots of flying (worn)
 h - the +4 ring mail of the Cricket (worn) {rN+ Regen+ Dex+2}
   (Okawaru gifted it to you on level 1 of the Vaults)

   It affects your dexterity (+2).
   It protects you from negative energy.
   It increases your rate of regeneration.
 j - a +1 pair of gloves of archery (worn)
 n - the +5 robe of Night {Dark MR+ SInv}
   (You found it on level 4 of the Dungeon)

   It affects your resistance to hostile enchantments.
   It lets you see invisible.
 q - a +2 cloak (worn)
 x - a +2 helmet (worn)
 U - the +1 pair of gloves of Hedging {+Fly rF+ Dex+3}
   (Okawaru gifted it to you on level 6 of the Lair of Beasts)

   It affects your dexterity (+3).
   It protects you from fire.
   It lets you fly.
Jewellery
 B - the ring of Zepiogept {rF+ rC+ Dex+6 Stlth-}
   (You found it in a treasure trove)

   [ring of attention]

   It affects your dexterity (+6).
   It protects you from fire.
   It protects you from cold.
   It makes you less stealthy.
 G - a +6 amulet of reflection (around neck)
 H - the ring "Noreus" {rElec rC+ Str+3}
   (You found it on level 4 of the Shoals)

   [ring of protection from cold]

   It affects your strength (+3).
   It protects you from cold.
   It insulates you from electricity.
 S - the ring "Raahehar" {*Drain rC+ MR+++ Int+3 Stlth-}
   (You found it in a treasure trove)

   [ring of intelligence]

   It affects your intelligence (+3).
   It protects you from cold.
   It affects your resistance to hostile enchantments.
   It causes draining when unequipped.
   It makes you less stealthy.
 W - a +3 ring of dexterity
 X - the ring "Coapn" (right hand) {MR+ Str+3 Slay+3}
   (You found it in a treasure trove)

   [ring of protection from magic]

   It affects your strength (+3).
   It affects your accuracy and damage with ranged weapons and melee attacks
   (+3).
   It affects your resistance to hostile enchantments.
 Y - the ring "Abedgh" (left hand) {Str+6 Dex+4 SInv Stlth+}
   (You found it in a treasure trove)

   [ring of stealth]

   It affects your strength (+6).
   It affects your dexterity (+4).
   It lets you see invisible.
   It makes you more stealthy.
 Z - an uncursed ring of positive energy
Wands
 C - a wand of paralysis (9)
 E - a wand of clouds (6)
 M - a wand of iceblast (12)
 O - a wand of digging (7)
 R - a wand of acid (15)
Scrolls
 g - 8 scrolls of teleportation
 l - 12 scrolls of remove curse
 w - 11 scrolls of enchant armour
 y - 6 scrolls of enchant weapon
 A - 8 scrolls of fog
 I - 2 scrolls of fear
 J - 8 scrolls of identify
 K - 3 scrolls of amnesia
 Q - a scroll of magic mapping
 T - 2 scrolls of blinking
Potions
 e - 7 potions of resistance
 m - 2 potions of magic
 o - 13 potions of curing
 r - 4 potions of might
 s - 5 potions of haste
 t - 11 potions of brilliance
 u - 5 potions of mutation
 v - 6 potions of heal wounds
 z - a potion of cancellation
 D - a potion of berserk rage
 N - 4 potions of agility
 P - 3 potions of invisibility
Miscellaneous
 L - a phantom mirror
Comestibles
 f - 48 rations


   Skills:
 + Level 21.4(26.4) Fighting
 - Level 14.0(19.0) Polearms
 - Level 18.0(23.0) Crossbows
 - Level 8.0(13.0) Throwing
 - Level 8.0(13.0) Armour
 + Level 20.6(25.6) Dodging
   Level 14.0(19.0) Shields
 + Level 5.7 Spellcasting
 - Level 6.0 Hexes
 - Level 8.0 Charms
 - Level 8.0 Necromancy
 + Level 7.3 Translocations
 - Level 3.0 Invocations


You had 22 spell levels left.
You knew the following spells:

 Your Spells              Type           Power        Failure   Level  Hunger
a - Animate Skeleton      Necr           N/A          1%          1    None
b - Regeneration          Chrm/Necr      ###.......   3%          3    ###....
c - Blink                 Tloc           N/A          2%          2    ##.....
d - Slow                  Hex            ##......     3%          2    ##.....
e - Animate Dead          Necr           N/A          11%         4    ####...

Your spell library contained the following spells:

 Spells                   Type           Power        Failure   Level  Hunger
 Apportation              Tloc           ###...       1%          1    None
 Infusion                 Chrm           ###.         1%          1    None
 Pain                     Necr           ###.         1%          1    None
 Corpse Rot               Necr           N/A          1%          2    ##.....
 Shroud of Golubria       Chrm/Tloc      ###.......   1%          2    ##.....
 Song of Slaying          Chrm           ###.....     1%          2    ##.....
 Sublimation of Blood     Necr           ###.......   1%          2    ##.....
 Confusing Touch          Hex            ##....       2%          1    None
 Vampiric Draining        Necr           ###.......   3%          3    ###....
 Gell's Gravitas          Tloc           ###.......   4%          3    ###....
 Lesser Beckoning         Tloc           ###.......   4%          3    ###....
 Spectral Weapon          Hex/Chrm       ###.....     4%          3    ###....
 Confuse                  Hex            ##......     8%          3    ###....
 Tukima's Dance           Hex            ##......     8%          3    ###....
 Swiftness                Chrm/Air       ##......     9%          2    ##.....
 Cause Fear               Hex            ##........   24%         4    ####...
 Summon Guardian Golem    Hex/Summ       #.......     26%         3    ###....
 Beastly Appendage        Tmut           #.....       28%         1    None
 Flame Tongue             Conj/Fire      #....        28%         1    None
 Magic Dart               Conj           #...         28%         1    None
 Shock                    Conj/Air       #...         28%         1    None
 Sting                    Conj/Pois      #...         28%         1    None
 Summon Butterflies       Summ           #.......     28%         1    None
 Summon Small Mammal      Summ           #...         28%         1    None
 Agony                    Necr           ###.....     30%         5    ######.
 Dispel Undead            Necr           ###.....     30%         5    ######.
 Excruciating Wounds      Chrm/Necr      ###.......   30%         5    ######.
 Call Imp                 Summ           #.......     41%         2    ##.....
 Sticks to Snakes         Tmut           #.......     41%         2    ##.....
 Leda's Liquefaction      Hex/Erth       #.........   63%         4    ####...
 Conjure Flame            Conj/Fire      #.......     65%         3    ###....
 Mephitic Cloud           Conj/Pois/Air  #.......     65%         3    ###....
 Spider Form              Tmut/Pois      #.........   65%         3    ###....
 Static Discharge         Conj/Air       #.......     65%         3    ###....
 Bolt of Draining         Conj/Necr      ##........   83%         5    ######.
 Metabolic Englaciation   Hex/Ice        #.........   93%         5    ######.
 Yara's Violent Unravell  Hex/Tmut       #.........   93%         5    ######.
 Airstrike                Air            #.........   96%         4    ####...
 Ice Form                 Ice/Tmut       #.......     96%         4    ####...
 Petrify                  Tmut/Erth      #.......     96%         4    ####...
 Summon Ice Beast         Ice/Summ       #.......     96%         4    ####...
 Invisibility             Hex            ##......     98%         6    #######
 Alistair's Intoxication  Tmut/Pois      #.......     100%        5    ######.
 Blade Hands              Tmut           #.........   100%        5    ######.
 Bolt of Magma            Conj/Fire/Erth #.........   100%        5    ######.
 Irradiate                Conj/Tmut      #.........   100%        5    ######.
 Lightning Bolt           Conj/Air       #.........   100%        5    ######.
 Bolt of Fire             Conj/Fire      #.........   100%        6    #######
 Hydra Form               Tmut           #.........   100%        6    #######
 Iron Shot                Conj/Erth      #.........   100%        6    #######
 Simulacrum               Ice/Necr       ##........   100%        6    #######
 Statue Form              Tmut/Erth      #........    100%        6    #######
 Dragon Form              Tmut           #.........   100%        7    #######
 Malign Gateway           Summ/Tloc      ##........   100%        7    #######
 Monstrous Menagerie      Summ           #.........   100%        7    #######
 Summon Greater Demon     Summ           #.........   100%        7    #######
 Summon Hydra             Summ           #.........   100%        7    #######
 Summon Horrible Things   Summ           #.........   100%        8    #######
 Dragon's Call            Summ           #.........   100%        9    #######
 Shatter                  Erth           #.........   100%        9    #######


Dungeon Overview and Level Annotations

Branches:
Dungeon (15/15)            Temple (0/1) D:7            Lair (6/6) D:8
 Shoals (4/4) Lair:4        Snake (4/4) Lair:4        Slime (0/5) Lair:5
    Orc (2/2) D:9             Elf (3/3) Orc:2        Vaults (4/5) D:13
  Crypt (0/3) Vaults:2     Depths (5/5) D:15
    Zot: Depths:5

Altars:
Cheibriados
Dithmenos
Elyvilon
Fedhas
Gozag
Kikubaaqudgha
Makhleb
Nemelex Xobeh
Okawaru
Qazlal
Sif Muna
Trog
Uskayaw
Vehumet
Xom
Zin
The Shining One
Jiyva

Shops:
D:5 (   Orc:2 !!*[   Elf:2 *   Elf:3 *   Vaults:1 [   Vaults:3 !%   Depths:1 *

Portals:
Hell: Depths:1 Depths:2 Depths:3 Depths:4 Depths:5
Pandemonium: Depths:3
Ziggurat: Depths:4

Annotations:
D:6 1 runed translucent door, Grim's ghost, amateur TeAE
D:8 exclusion: skeletal warrior
D:11 2 runed translucent doors, Peloso's ghost, journeyman MiFi
Lair:5 1 runed translucent door, exclusion: oklob plant
Snake:3 3 runed translucent doors, exclusion: obsidian statue, Morbidden's ghost, adept DsFi


Innate Abilities, Weirdness & Mutations

You revert to your normal form in water You are very nimble and swift while swimming.
You are very stealthy in the water. (Stealth+)
You do not regenerate when monsters are visible.


Message History

a +0 battleaxe of freezing; a frost giant corpse Unknown command.
A spriggan air mage comes into view.
You hear a grinding noise.
The spriggan air mage waves its arms in wide circles.
The air twists around and violently strikes you in flight!
* * * LOW HITPOINT WARNING * * *
You see here a bolt.
You hear a grinding noise.
The spriggan air mage waves its arms in wide circles.
The air twists around and violently strikes you in flight!
You see here 2 bolts.
A storm dragon comes into view.
You hear a grinding noise.
The spriggan air mage casts a spell at you.
The bolt of lightning hits you!!
* * * LOW HITPOINT WARNING * * *
The spriggan air mage waves its arms in wide circles.
The air twists around and violently strikes you in flight!
You die...

* *≈,,,,,,,,,,,*,,,,,* *
#≈.,,****#.#.#..#*,# *
#≈.,** #.#.#..#*.#
#**##≈.,* #.#.#..#*.#
≈∩##≈≈.,* #.#.##.#..#
≈≈≈≈≈..** #.#....#..#
.......* #.#.##...,*
......D#######.#.##.#####
.....).)iEC((i..@....<..#
.......#######.#.##.#.###
.......* #.#.##.#.#*
.......* #.#.##.#..*
##.....* #.#.##.##.#*
#.....* #.#.##..,..*
#.....* #.#.####*###
#...##* #.#.#** *,,,*
*,*,,,*


You could see a fire giant, a spriggan air mage and a water elemental.

Vanquished Creatures
  Mara (Snake:4)
  Sojobo (Vaults:1)
  Frederick (Depths:4)
  Bai Suzhen (Shoals:4)
  Xtahua (Vaults:4)
  Jory (Depths:5)
  2 Ice Fiends (IceCv)
  A lich (Depths:2)
  A deep elf blademaster (Elf:2)
  2 krakens
  A titan (Depths:2)
  A quicksilver dragon (Depths:2)
  Asterion (Elf:2)
  4 deep elf master archers (Elf:3)
  Kirke (Lair:6)
  Frances (Snake:1)
  A storm dragon (Vaults:2)
  2 shadow dragons (Depths:5)
  An ancient champion (Vaults:1)
  Donald (Vaults:1)
  2 tengu reavers
  8 fire giants
  Ilsuiw (Shoals:3)
  A draconian knight (Vaults:1)
  10 nagarajas
  A balrug (Depths:2)
  An iron dragon (Depths:4)
  7 vault wardens
  5 frost giants
  7 deep elf sorcerers
  3 deep elf elementalists (Elf:3)
  The ghost of Suxis the Nimble, a journeyman OpHu of Gozag (D:13)
  A curse skull (Vaults:2)
  9 ironheart preservers
  9 stone giants
  9 very ugly things
  A vampire knight (Vaults:1)
  A white draconian (Depths:5)
  6 deep elf demonologists
  11 deep elf annihilators
  2 spark wasps (Depths:4)
  A purple draconian (Depths:4)
  A red draconian (Depths:5)
  A crystal guardian (Vaults:4)
  A merfolk javelineer (Shoals:4)
  6 deep elf death magi
  10 merfolk impalers
  6 ettins
  2 jiangshi (Depths:3)
  12 yaktaur captains
  7 fire dragons
  7 great orbs of eyes
  4 deep elf high priests (Elf:3)
  A hell beast (Depths:3)
  A juggernaut simulacrum (Depths:2)
  6 rakshasas
  10 hydras
  Erolcha (Orc:2)
  7 ice dragons
  An alligator snapping turtle (Shoals:3)
  5 vault guards
  7 centaur warriors
  A merfolk avatar (Shoals:4)
  13 naga warriors
  28 two-headed ogres
  A death knight (Vaults:2)
  3 catoblepae
  26 dancing weapons
  A satyr (Shoals:3)
  14 anacondas
  8 ogre magi
  6 merfolk aquamancers
  5 deep troll shamans
  12 naga sharpshooters
  3 shock serpents
  7 tengu warriors
  6 deep troll earth magi
  A vampire mage (Depths:3)
  3 spriggan berserkers (Depths:5)
  5 hell knights
  2 sun demons (Depths:2)
  22 deep elf knights
  2 orc high priests (Orc:2)
  2 shadow wraiths
  8 skeletal warriors
  A small abomination (Vaults:2)
  3 salamander mystics
  2 iron trolls (Depths:4)
  34 deep trolls
  2 unseen horrors
  20 sea snakes
  4 naga ritualists
  A swamp dragon (Lair:6)
  3 flayed ghosts
  2 glowing orange brains (Vaults:2)
  2 wizards
  A phantasmal warrior (Vaults:2)
  23 deep elf archers
  10 ironbrand convokers
  11 orc knights
  7 mana vipers
  3 necromancers
  An orb spider (shapeshifter) (D:15)
  A wolf spider zombie (D:14)
  3 lindwurms
  68 deep elf magi
  7 harpies
  8 fauns
  3 orc sorcerers
  5 cyclopes
  2 oklob plants (Lair:1)
  38 ugly things
  A mana viper (shapeshifter) (Elf:1)
  12 salamanders
  2 wolf spiders
  11 manticores
  Maurice (Orc:2)
  21 slime creatures
  A fire giant skeleton (Vaults:2)
  2 salamanders (shapeshifter)
  A stone giant skeleton (Vaults:2)
  A centaur zombie (D:13)
  17 merfolk sirens
  A guardian serpent (shapeshifter) (Vaults:1)
  A moth of wrath (D:13)
  24 black mambas
  8 water nymphs
  25 naga magi
  13 vault sentinels
  16 guardian serpents
  2 ice statues (IceCv)
  Joseph (D:7)
  6 centaur skeletons
  A smoke demon (Depths:3)
  2 orange demons (Depths:3)
  11 spiny frogs
  A storm dragon simulacrum (Vaults:3)
  A kobold demonologist (D:11)
  4 rime drakes (Lair:6)
  2 freezing wraiths
  60 yaktaurs
  A yaktaur zombie (Vaults:2)
  4 trolls
  9 komodo dragons
  3 tengu conjurers
  12 ice devils (IceCv)
  A red devil (Depths:3)
  4 wind drakes
  4 polar bears
  23 blink frogs
  40 merfolk
  8 hippogriffs
  4 hornets
  4 snapping turtles
  5 dream sheep
  A centaur simulacrum (D:14)
  A dream sheep (shapeshifter) (Elf:3)
  12 water elementals
  2 redbacks (shapeshifter)
  A spriggan (shapeshifter) (Vaults:1)
  2 air elementals
  Sigmund (D:2)
  A shadow (D:14)
  An elf simulacrum (Depths:2)
  A tarantella (shapeshifter) (Depths:2)
  4 spriggans
  A hog (shapeshifter) (Vaults:3)
  27 yaks
  6 fire elementals
  8 humans (D:13)
  6 wraiths
  6 basilisks
  2 wyverns (Lair:5)
  A chaos spawn (Depths:3)
  2 hungry ghosts (D:9)
  Eustachio (D:4)
  2 steam dragons (Lair:6)
  Menkaure (D:7)
  2 vampire mosquitoes (D:15)
  A soldier ant (D:13)
  A warg (Orc:2)
  6 acid dragons
  64 nagas
  2 two-headed ogre zombies (D:9)
  12 water moccasins
  A floating eye (Depths:2)
  A floating eye (shapeshifter) (D:15)
  25 orc warriors
  A porcupine (Lair:4)
  2 hornet zombies
  4 sky beasts
  2 phantoms
  2 black bears
  An eye of draining (shapeshifter) (Depths:1)
  3 swamp drakes (Lair:6)
  28 ogres
  15 boggarts
  8 wolves (Lair:5)
  3 centaurs
  3 ice beasts
  3 eyes of draining
  7 crocodiles
  3 human zombies (Vaults:2)
  3 human skeletons (Vaults:2)
  9 bullfrogs
  An earth elemental (Elf:2)
  A scorpion (D:8)
  A wyvern skeleton (D:12)
  3 troll zombies (D:9)
  4 wights (D:11)
  21 killer bees
  3 electric eels (Snake:3)
  5 howler monkeys
  6 crimson imps
  3 hounds
  A wyvern simulacrum (D:14)
  2 bullfrog skeletons
  4 jellies
  3 gnoll shamans (D:3)
  17 orc priests
  Crazy Yiuf (D:4)
  22 orc wizards
  Jessica (D:2)
  4 iguanas
  6 worker ants
  A hell rat (Lair:6)
  3 ogre zombies (D:9)
  A hound skeleton (D:10)
  A hound zombie (D:7)
  37 gnolls
  A howler monkey skeleton (D:8)
  13 adders
  4 shadow imps
  4 white imps
  7 ufetubi (IceCv)
  An ooze (D:2)
  An adder skeleton (D:6)
  A dart slug (D:1)
  6 leopard geckos
  60 orcs
  7 ball pythons
  11 bats
  8 giant cockroaches
  7 goblins
  8 hobgoblins
  18 jackals
  A quokka (D:2)
  5 frilled lizards
  A goblin skeleton (D:9)
  4 goblin zombies (D:9)
  2 hobgoblin skeletons (D:9)
  A hobgoblin zombie (D:9)
  10 kobolds
  3 orc skeletons (D:9)
  13 orc zombies (D:9)
  6 rats
  9 plants
1700 creatures vanquished.

Vanquished Creatures (collateral kills)
  Margery (Vaults:2)
  A deep elf blademaster (Elf:3)
  4 nagarajas (Snake:4)
  A draconian knight (Vaults:1)
  A vault warden (Vaults:4)
  A frost giant (Shoals:4)
  2 deep elf elementalists (Elf:3)
  2 ironheart preservers
  A deep elf annihilator (Vaults:1)
  A deep elf demonologist (Vaults:2)
  2 dire elephants (Lair:6)
  4 merfolk impalers
  2 merfolk javelineers (Shoals:4)
  A deep elf high priest (Elf:3)
  3 naga warriors (Snake:4)
  2 ice dragons
  2 centaur warriors
  3 anacondas
  A merfolk avatar (Shoals:1)
  A merfolk aquamancer (Shoals:4)
  A catoblepas (Lair:6)
  4 two-headed ogres
  A deep troll shaman (Depths:2)
  A dancing weapon (Elf:2)
  2 deep troll earth magi
  An orc high priest (Orc:2)
  2 naga sharpshooters
  2 deep elf knights
  A deep troll (Depths:4)
  A sea snake (Shoals:4)
  A deep elf archer (Vaults:2)
  A harpy (Shoals:4)
  2 ironbrand convokers
  A wolf spider (Vaults:3)
  3 orc knights
  2 orc sorcerers (Orc:2)
  2 salamanders
  3 mana vipers
  A cyclops (Vaults:1)
  5 deep elf magi
  A manticore (Lair:6)
  A merfolk siren (Shoals:2)
  A gargoyle (D:10)
  5 naga magi
  3 black mambas
  7 guardian serpents
  A spiny frog (Lair:6)
  4 yaktaurs (Vaults:2)
  A freezing wraith (Vaults:3)
  4 komodo dragons
  A troll (Vaults:3)
  5 merfolk
  A hornet (Vaults:2)
  A wind drake (Shoals:1)
  2 slime creatures
  A snapping turtle (Shoals:4)
  2 hippogriffs
  A blink frog (Lair:5)
  A spriggan skeleton (Depths:2)
  A redback (shapeshifter) (Depths:3)
  A yak (Lair:1)
  A human (D:13)
  3 water elementals (Shoals:4)
  6 nagas
  A porcupine (Lair:1)
  A soldier ant (D:13)
  2 water moccasins
  3 orc warriors (Orc:2)
  A phantom (D:10)
  An ogre (Vaults:2)
  An eye of draining (D:8)
  A crocodile (Lair:6)
  A bullfrog (D:15)
  An earth elemental (Elf:1)
  A gnoll sergeant (D:3)
  A scorpion (D:9)
  2 howler monkeys (D:11)
  A crimson imp (D:11)
  An orc priest (Vaults:2)
  2 orc wizards
  A bullfrog skeleton (D:13)
  3 gnolls (D:3)
  6 orcs
  A hobgoblin skeleton (D:9)
  A bush (Lair:6)
  2 fungi
  5 plants
168 creatures vanquished.

Vanquished Creatures (others)
  A yaktaur captain (Vaults:4)
  A tengu warrior (Depths:5)
  A deep elf knight (Elf:2)
  A deep elf archer (Elf:3)
  A wizard (Vaults:2)
  2 yaktaurs
  A flying skull (Vaults:2)
  5 humans (Lair:6)
  5 white imps (IceCv)
  4 ufetubi (IceCv)
  11 fungi
  56 plants
  8 tentacles
97 creatures vanquished.

Grand Total: 1965 creatures vanquished

Notes
Turn   | Place    | Note
-------+----------+-------------------------------------------
     0 | D:1      | PikkenKukken the Merfolk Gladiator began the quest for the
                  | Orb.
     0 | D:1      | Reached XP level 1. HP: 16/16 MP: 1/1
    57 | D:1      | Reached XP level 2. HP: 23/23 MP: 2/2
   384 | D:1      | Reached skill level 5 in Polearms
   479 | D:1      | Reached XP level 3. HP: 27/28 MP: 3/3
   989 | D:2      | Found a faded altar of an unknown god.
  1466 | D:2      | Noticed Jessica
  1471 | D:2      | Killed Jessica
  1471 | D:2      | Reached XP level 4. HP: 31/34 MP: 4/4
  1582 | D:2      | Reached skill level 3 in Fighting
  1854 | D:2      | Noticed Sigmund
  1874 | D:2      | Killed Sigmund
  1874 | D:2      | Reached skill level 5 in Dodging
  1874 | D:2      | Reached XP level 5. HP: 41/41 MP: 5/5
  1874 | D:2      | Reached XP level 6. HP: 47/47 MP: 6/6
  2753 | D:3      | Noticed an orc warrior
  2825 | D:4      | Found the +5 robe of Night {Dark MR+ SInv}
  2928 | D:4      | Noticed Eustachio
  3338 | D:4      | Reached skill level 4 in Fighting
  3338 | D:4      | Reached XP level 7. HP: 50/54 MP: 7/7
  3426 | D:4      | Learned a level 1 spell: Animate Skeleton
  3592 | D:4      | Killed Eustachio
  3592 | D:4      | Reached skill level 1 in Spellcasting
  3592 | D:4      | Reached skill level 1 in Necromancy
  3775 | D:4      | Found a sparkling altar of Nemelex Xobeh.
  3828 | D:4      | Found a runed translucent door.
  3830 | D:4      | Noticed Crazy Yiuf
  3934 | D:5      | Entered Level 5 of the Dungeon
  4019 | D:5      | Found Xiroror's Weapon Shoppe.
  4209 | D:5      | Reached XP level 8. HP: 21/60 MP: 11/11
  4509 | D:5      | Found a hide-covered altar of Uskayaw.
  4511 | D:5      | Noticed a two-headed ogre
  5827 | D:6      | Found a runed translucent door.
  5828 | D:6      | Noticed Grim's ghost (amateur TeAE)
  6191 | D:5      | Reached skill level 7 in Fighting
  6191 | D:5      | Reached XP level 9. HP: 72/72 MP: 12/12
  6214 | D:5      | Killed a two-headed ogre
  6214 | D:5      | Reached XP level 10. HP: 79/79 MP: 13/13
  6295 | D:5      | Found a sparkling altar of Nemelex Xobeh.
  6466 | D:7      | Found an opulent altar of Gozag.
  6481 | D:7      | Found a shadowy altar of Dithmenos.
  6645 | D:7      | Found a glowing golden altar of the Shining One.
  6646 | D:7      | Found a glowing silver altar of Zin.
  6647 | D:7      | Found a white marble altar of Elyvilon.
  6776 | D:7      | Noticed Menkaure
  6784 | D:7      | Killed Menkaure
  6793 | D:7      | Found an iron altar of Okawaru.
  6796 | D:7      | Became a worshipper of Warmaster Okawaru
  6898 | D:7      | Found a snail-covered altar of Cheibriados.
  6915 | D:7      | Noticed Joseph
  7294 | D:3      | Found a deep blue altar of Sif Muna.
  7312 | D:3      | Identified Sif Muna's Collected Works on Ignition
  7375 | D:3      | Found a burning altar of Makhleb.
  7462 | D:3      | Reached skill level 1 in Invocations
  7497 | D:3      | Found a radiant altar of Vehumet.
  7982 | D:4      | Killed Crazy Yiuf
  8169 | D:8      | Reached * piety under Okawaru
  8250 | D:8      | Learned a level 3 spell: Regeneration
  8347 | D:8      | Noticed a skeletal warrior
  8347 | D:8      | Noticed a skeletal warrior
  8678 | D:8      | Found a staircase to the Lair.
  9298 | D:9      | Noticed a two-headed ogre
  9339 | D:9      | Killed a two-headed ogre
  9339 | D:9      | Reached ** piety under Okawaru
  9339 | D:9      | Reached skill level 10 in Dodging
  9383 | D:9      | Reached skill level 8 in Fighting
  9506 | D:9      | Reached skill level 5 in Shields
  9546 | D:9      | Found a glowing golden altar of the Shining One.
  9635 | D:9      | Found a staircase to the Orcish Mines.
  9672 | D:9      | Reached XP level 11. HP: 23/86 MP: 14/14
  9996 | D:9      | Found a shimmering altar of Xom.
 10077 | D:9      | Found a shimmering altar of Xom.
 10177 | D:9      | Reached *** piety under Okawaru
 10256 | D:9      | Found a bloodstained altar of Trog.
 10525 | D:9      | Found a stormy altar of Qazlal.
 10525 | D:9      | Found a snail-covered altar of Cheibriados.
 10588 | D:10     | Entered Level 10 of the Dungeon
 11424 | D:10     | Found a portal to a secret trove of treasure.
 11434 | Trove    | Entered a treasure trove
 11443 | Trove    | Got a brightly glowing brass ring
 11447 | Trove    | Got a shimmering ruby amulet
 11455 | Trove    | Got an ancient tin ring
 11457 | Trove    | Got a warped golden amulet
 11482 | Trove    | Got an ancient granite ring
 11486 | Trove    | Got a crude copper amulet
 11488 | Trove    | Got a pitted steel ring
 11496 | Trove    | Got a coiled zirconium amulet
 11526 | D:10     | Identified the amulet "Leolan" {Harm *Drain +Inv rF+
                  | Stlth+} (You found it in a treasure trove)
 11528 | D:10     | Identified the ring "Abedgh" {Str+6 Dex+4 SInv Stlth+} (You
                  | found it in a treasure trove)
 11530 | D:10     | Identified the ring "Raahehar" {*Drain rC+ MR+++ Int+3
                  | Stlth-} (You found it in a treasure trove)
 11549 | D:10     | Noticed an unseen horror
 11562 | D:10     | Killed an unseen horror
 12091 | D:10     | Identified the ring "Coapn" {MR+ Str+3 Slay+3} (You found
                  | it in a treasure trove)
 12092 | D:10     | Identified the amulet "Viepabof" {Spirit Int+4 SInv} (You
                  | found it in a treasure trove)
 12099 | D:10     | Identified the ring of Zepiogept {rF+ rC+ Dex+6 Stlth-}
                  | (You found it in a treasure trove)
 12209 | Lair:1   | Entered Level 1 of the Lair of Beasts
 12209 | Lair:1   | Noticed an oklob plant
 12323 | Lair:1   | Noticed a four-headed hydra
 12647 | D:8      | Killed a four-headed hydra
 12997 | Lair:1   | Reached skill level 10 in Shields
 13413 | Lair:1   | Noticed an oklob plant
 13426 | Lair:1   | Killed an oklob plant
 13426 | Lair:1   | Reached XP level 12. HP: 92/92 MP: 13/15
 14535 | Lair:3   | Received a gift from Okawaru
 14556 | Lair:3   | Found the +6 arbalest "Damnation" {damnation}
 14824 | Lair:3   | You are sucked into a shaft!
 14981 | Lair:4   | Received a gift from Okawaru
 15068 | Lair:4   | Reached **** piety under Okawaru
 15117 | Lair:4   | Found a staircase to the Shoals.
 15550 | Lair:4   | Got an ichor-stained robe
 15624 | Lair:4   | Found a staircase to the Snake Pit.
 15728 | Lair:5   | Reached ***** piety under Okawaru
 15783 | Lair:5   | Noticed a seven-headed hydra
 15794 | Lair:5   | Killed a seven-headed hydra
 16528 | Lair:5   | Received a gift from Okawaru
 16566 | Lair:5   | Received a gift from Okawaru
 16872 | Lair:5   | Reached XP level 13. HP: 98/98 MP: 16/16
 17064 | Lair:5   | Found a runed translucent door.
 17064 | Lair:5   | Found a viscous altar of Jiyva.
 17064 | Lair:5   | Found a staircase to the Slime Pits.
 17191 | Lair:5   | Identified the amulet "Quall" {Harm *Drain rPois MR+ MP-9
                  | Dex+8} (You found it in a treasure trove)
 17920 | D:7      | Reached skill level 1 in Crossbows
 17994 | D:7      | Killed Joseph
 18034 | D:7      | Found a blossoming altar of Fedhas.
 18089 | D:7      | Found a staircase to the Ecumenical Temple.
 18632 | Lair:6   | Entered Level 6 of the Lair of Beasts
 18633 | Lair:6   | Received a gift from Okawaru
 18761 | Lair:6   | Found a snail-covered altar of Cheibriados.
 18952 | Lair:6   | Received a gift from Okawaru
 19113 | Lair:6   | Noticed Kirke
 19126 | Lair:6   | Killed Kirke
 19126 | Lair:6   | Reached skill level 5 in Crossbows
 19899 | Lair:6   | Noticed a fire dragon
 19902 | Lair:6   | Killed a fire dragon
 19902 | Lair:6   | Received a gift from Okawaru
 19910 | Lair:6   | Got a pair of bloodstained gloves {god gift}
 19918 | Lair:6   | Identified the +1 pair of gloves of Hedging {+Fly rF+
                  | Dex+3} (Okawaru gifted it to you on level 6 of the Lair of
                  | Beasts)
 20055 | Lair:6   | Noticed a dire elephant
 20079 | Lair:6   | Killed a dire elephant
 20079 | Lair:6   | Reached XP level 14. HP: 61/106 MP: 5/17
 20224 | Lair:6   | Noticed a dire elephant
 20227 | Lair:6   | Killed a dire elephant
 20240 | Lair:6   | Reached skill level 9 in Fighting
 20428 | Lair:6   | Got a smoking scale mail
 20777 | Orc:1    | Entered Level 1 of the Orcish Mines
 21188 | Orc:2    | Entered Level 2 of the Orcish Mines
 21193 | Orc:2    | Reached skill level 1 in Charms
 21197 | Orc:2    | Noticed Maurice
 21203 | Orc:2    | Killed Maurice
 21432 | Orc:2    | Received a gift from Okawaru
 21505 | Orc:2    | Found Fix Hivy's Armour Emporium.
 21505 | Orc:2    | Found Sur Inn's Distillery.
 21507 | Orc:2    | Found Pejiladdut's General Store.
 21507 | Orc:2    | Found Dybboe's Distillery.
 21513 | Orc:2    | Bought a scroll of magic mapping for 49 gold pieces
 21516 | Orc:2    | Bought a potion of heal wounds for 65 gold pieces
 21518 | Orc:2    | Bought 2 potions of might for 112 gold pieces
 21518 | Orc:2    | Bought a potion of might for 56 gold pieces
 21520 | Orc:2    | Bought a potion of curing for 39 gold pieces
 21520 | Orc:2    | Bought a potion of curing for 39 gold pieces
 21574 | Orc:2    | Received a gift from Okawaru
 21610 | Orc:2    | Noticed Erolcha
 21621 | Orc:2    | Killed Erolcha
 21689 | Orc:2    | Found a staircase to the Elven Halls.
 22088 | D:11     | Reached skill level 10 in Fighting
 22258 | D:11     | Found a large runed translucent door.
 22259 | D:11     | Found a large runed translucent door.
 22309 | D:11     | Noticed Peloso's ghost (journeyman MiFi)
 22357 | D:11     | Received a gift from Okawaru
 23572 | D:12     | You are sucked into a shaft!
 23598 | D:13     | Received a gift from Okawaru
 23602 | D:13     | Reached skill level 11 in Fighting
 23624 | D:13     | Reached XP level 15. HP: 119/119 MP: 18/18
 23784 | D:13     | Received a gift from Okawaru
 23881 | D:13     | Received a gift from Okawaru
 23884 | D:13     | Got a faintly humming crystal plate armour {god gift}
 23914 | D:13     | Found a gate to the Vaults.
 24226 | D:13     | Found a transporter.
 24234 | D:13     | Found a transporter.
 24260 | D:13     | Noticed Suxis's ghost (journeyman OpHu)
 24323 | D:13     | Reached skill level 12 in Fighting
 24375 | D:14     | Identified the amulet "Moithec" {Harm *Drain +Inv rPois
                  | Int+4} (You found it in a treasure trove)
 24401 | D:14     | Found a bloodstained altar of Trog.
 25076 | D:15     | Entered Level 15 of the Dungeon
 25575 | D:15     | Reached skill level 15 in Dodging
 25947 | D:15     | Reached skill level 13 in Fighting
 26066 | D:15     | Found a staircase to the Depths.
 26696 | Snake:1  | Entered Level 1 of the Snake Pit
 26712 | Snake:1  | Reached skill level 1 in Armour
 26717 | Snake:1  | Received a gift from Okawaru
 26720 | Snake:1  | Got an ichor-stained trident {god gift}
 26724 | Snake:1  | Identified the +4 trident of Mourning {elec, +Blink rC+
                  | Stlth+} (Okawaru gifted it to you on level 1 of the Snake
                  | Pit)
 26816 | Snake:1  | Noticed Frances
 26818 | Snake:1  | Killed Frances
 26821 | Snake:1  | Reached ****** piety under Okawaru
 27189 | Snake:2  | Found an ancient bone altar of Kikubaaqudgha.
 27218 | Snake:2  | Noticed a nagaraja
 27219 | Snake:2  | Killed a nagaraja
 27274 | Snake:2  | Reached XP level 16. HP: 112/131 MP: 19/19
 27275 | Snake:2  | Received a gift from Okawaru
 27429 | Snake:2  | Received a gift from Okawaru
 27467 | Snake:2  | Received a gift from Okawaru
 27761 | Snake:2  | Received a gift from Okawaru
 27812 | Snake:2  | Received a gift from Okawaru
 28104 | Snake:3  | Reached skill level 14 in Fighting
 28437 | Snake:3  | Found a runed translucent gate.
 28437 | Snake:3  | Found a runed translucent gate.
 28438 | Snake:3  | Found a runed translucent gate.
 28438 | Snake:3  | Found an opulent altar of Gozag.
 28440 | Snake:3  | Noticed a nagaraja
 28440 | Snake:3  | Noticed Morbidden's ghost (adept DsFi)
 28552 | Snake:3  | Received a gift from Okawaru
 28556 | Snake:3  | Got a jewelled spear {god gift}
 28557 | Snake:3  | Identified the +2 spear of Bery {flame, rF- rC+++ Str+2
                  | Dex+4} (Okawaru gifted it to you on level 3 of the Snake
                  | Pit)
 28976 | Snake:3  | Received a gift from Okawaru
 29586 | Shoals:1 | Entered Level 1 of the Shoals
 29604 | Shoals:1 | Received a gift from Okawaru
 29631 | Shoals:1 | Found a frozen archway.
 29678 | IceCv    | Entered an ice cave
 29753 | IceCv    | Reached skill level 5 in Armour
 29787 | IceCv    | Reached XP level 17. HP: 127/140 MP: 20/20
 29837 | IceCv    | Noticed an Ice Fiend
 29840 | IceCv    | Killed an Ice Fiend
 29840 | IceCv    | Received a gift from Okawaru
 29840 | IceCv    | Reached skill level 10 in Crossbows
 29848 | IceCv    | Noticed an Ice Fiend
 29851 | IceCv    | Killed an Ice Fiend
 29851 | IceCv    | Received a gift from Okawaru
 29875 | IceCv    | Identified the +0 plate armour of the Invisible Hand {rF-
                  | rC+ rN++} (You found it in an ice cave)
 30693 | Shoals:1 | Reached skill level 15 in Fighting
 31872 | Shoals:2 | Noticed a kraken
 31890 | Shoals:2 | Killed a kraken
 31890 | Shoals:2 | Received a gift from Okawaru
 32255 | Shoals:3 | Noticed Ilsuiw
 33071 | Shoals:3 | Killed Ilsuiw
 33782 | Shoals:4 | Entered Level 4 of the Shoals
 34303 | Shoals:4 | Noticed Bai Suzhen
 34324 | Shoals:4 | Killed Bai Suzhen
 34377 | Shoals:4 | Reached XP level 18. HP: 135/151 MP: 14/21
 34397 | Shoals:4 | Received a gift from Okawaru
 34565 | Shoals:4 | Reached skill level 16 in Fighting
 35133 | Shoals:4 | Got a crude marble ring
 35134 | Shoals:4 | Identified the ring "Noreus" {rElec rC+ Str+3} (You found
                  | it on level 4 of the Shoals)
 35239 | Shoals:4 | Reached skill level 5 in Charms
 35340 | Shoals:4 | Received a gift from Okawaru
 36349 | Shoals:4 | Got a barnacled rune of Zot
 36639 | Snake:4  | Entered Level 4 of the Snake Pit
 36750 | Snake:4  | Noticed Mara
 36767 | Snake:4  | Killed Mara
 37427 | Snake:4  | Received a gift from Okawaru
 37983 | Snake:4  | Reached XP level 19. HP: 134/159 MP: 20/22
 38208 | Snake:4  | Reached skill level 17 in Fighting
 38232 | Snake:4  | Received a gift from Okawaru
 38394 | Snake:4  | Got a serpentine rune of Zot
 39214 | Elf:1    | Entered Level 1 of the Elven Halls
 39331 | Elf:1    | Learned a level 2 spell: Blink
 39334 | Elf:1    | Learned a level 2 spell: Slow
 39634 | Elf:1    | Reached skill level 1 in Hexes
 39640 | Elf:1    | Received a gift from Okawaru
 39645 | Elf:1    | Reached skill level 1 in Translocations
 39649 | Elf:1    | Received a gift from Okawaru
 39778 | Elf:1    | You are sucked into a shaft!
 39802 | Elf:2    | Found a runed translucent gate.
 39802 | Elf:2    | Found a runed translucent gate.
 39802 | Elf:2    | Found a runed translucent gate.
 40093 | Elf:1    | Received a gift from Okawaru
 40300 | Elf:1    | Identified the Tome of the Entourage
 40756 | Elf:2    | Found Cothruk's Assorted Antiques.
 41083 | Elf:2    | Gained mutation: You do not regenerate when monsters are
                  | visible. [a neqoxec]
 41136 | Elf:2    | Received a gift from Okawaru
 41446 | Elf:2    | Received a gift from Okawaru
 41933 | Elf:2    | Reached XP level 20. HP: 170/170 MP: 21/23
 42463 | Elf:3    | Entered Level 3 of the Elven Halls
 42516 | Elf:3    | Reached skill level 5 in Hexes
 42869 | Elf:3    | Identified the +5 shield of the Immovable Coins {+Blink}
 42869 | Elf:3    | Noticed Asterion
 43143 | Elf:2    | Killed Asterion
 43143 | Elf:2    | Received a gift from Okawaru
 43156 | Elf:2    | Identified the +2 ring mail of the Immovable Places {*Drain
                  | rElec MR+} (Okawaru gifted it to you on level 2 of the
                  | Elven Halls)
 43270 | Elf:2    | Found Cothruk's Assorted Antiques.
 44398 | Elf:3    | Found Ovy Uwal's General Store.
 44415 | Elf:3    | Bought a scroll of teleportation for 33 gold pieces
 44415 | Elf:3    | Bought a potion of heal wounds for 55 gold pieces
 44481 | Elf:3    | Reached skill level 18 in Fighting
 45554 | Elf:3    | Reached skill level 5 in Translocations
 47192 | Elf:3    | Received a gift from Okawaru
 47196 | Elf:3    | Identified the +7 broad axe "Bekonaf" {flame, rC- Dex+9}
 47224 | Elf:3    | Identified the +2 long sword of the Gnat {venom, +Rage}
 47507 | Elf:3    | Identified the +7 dagger "Lunah" {vamp, rPois rF- Str+5}
 48043 | Elf:3    | Received a gift from Okawaru
 48069 | Elf:3    | Identified the Reference Book on Cankerous Sinister Magic
 48074 | Elf:3    | Identified the +0 scale mail of Poatusel {Dex+2} (You found
                  | it on level 3 of the Elven Halls)
 48124 | Elf:3    | Identified the cursed +1 scale mail of Sionocw {rN+ Slay+3}
                  | (You found it on level 3 of the Elven Halls)
 48643 | Vaults:1 | Entered Level 1 of the Vaults
 48910 | Vaults:1 | Reached XP level 21. HP: 177/177 MP: 27/27
 48941 | Vaults:1 | Received a gift from Okawaru
 48944 | Vaults:1 | Got a jewelled trident {god gift}
 48945 | Vaults:1 | Identified the +5 trident of Heumeok {freeze, +Rage rElec
                  | MR++ Str-2} (Okawaru gifted it to you on level 1 of the
                  | Vaults)
 48991 | Vaults:1 | Found Akiorgh's Armour Shop.
 49173 | Vaults:1 | Noticed Sojobo
 49225 | Vaults:1 | Killed Sojobo
 49238 | Vaults:1 | Reached skill level 15 in Crossbows
 49976 | Vaults:1 | Received a gift from Okawaru
 49987 | Vaults:1 | Got a polished ring mail {god gift}
 49998 | Vaults:1 | Identified the +4 ring mail of the Cricket {rN+ Regen+
                  | Dex+2} (Okawaru gifted it to you on level 1 of the Vaults)
 50209 | Vaults:1 | You are sucked into a shaft!
 50702 | Vaults:2 | Found a staircase to the Crypt.
 50909 | Vaults:2 | Learned a level 4 spell: Animate Dead
 50975 | Vaults:2 | Received a gift from Okawaru
 51019 | Vaults:2 | Noticed Margery
 51050 | Vaults:2 | Killed Margery
 51157 | Vaults:2 | Received a gift from Okawaru
 51269 | Vaults:2 | Reached XP level 22. HP: 54/184 MP: 26/28
 51844 | Vaults:2 | Received a gift from Okawaru
 52061 | Vaults:2 | Received a gift from Okawaru
 52490 | Vaults:1 | Noticed Donald
 52493 | Vaults:1 | Killed Donald
 52493 | Vaults:1 | Reached skill level 5 in Necromancy
 53208 | Vaults:3 | Received a gift from Okawaru
 53239 | Vaults:3 | Found Fuvoug's Food Shop.
 53295 | Vaults:3 | Received a gift from Okawaru
 53827 | Vaults:3 | Got a warped arbalest {god gift}
 53828 | Vaults:3 | Identified the +5 arbalest "Hipsippo" {flame, +Inv rPois
                  | Stlth+} (Okawaru gifted it to you on level 3 of the Vaults)
 54538 | Vaults:3 | Found Qihublef's Distillery.
 54548 | Vaults:3 | Bought a potion of heal wounds for 70 gold pieces
 54548 | Vaults:3 | Bought a potion of mutation for 112 gold pieces
 54548 | Vaults:3 | Bought a potion of heal wounds for 70 gold pieces
 55480 | Vaults:4 | Noticed Xtahua
 55486 | Vaults:4 | Killed Xtahua
 55486 | Vaults:4 | Received a gift from Okawaru
 55729 | Vaults:4 | Identified the +4 plate armour "Urubb" {MP-9 Str+2 SInv}
                  | (You found it on level 4 of the Vaults)
 56478 | Vaults:4 | Received a gift from Okawaru
 56804 | Depths:1 | Entered Level 1 of the Depths
 56884 | D:15     | Reached XP level 23. HP: 147/192 MP: 29/29
 57339 | Depths:1 | Received a gift from Okawaru
 57652 | Depths:1 | Found Feoqau's Demolitions Depot.
 57690 | Depths:1 | Received a gift from Okawaru
 58578 | Depths:1 | Reached skill level 19 in Fighting
 58619 | Depths:1 | Received a gift from Okawaru
 59023 | Depths:1 | Found a gateway to Hell.
 59363 | D:13     | Killed Suxis's ghost
 59380 | D:13     | Identified the cursed +0 pair of gloves of Leaves {Dex+4}
                  | (You found it on level 13 of the Dungeon)
 60409 | Depths:2 | Reached skill level 20 in Fighting
 60431 | Depths:2 | Identified the +6 scale mail of Xetsec {MR+++ Str+5} (You
                  | found it on level 2 of the Depths)
 61411 | Depths:3 | Found a one-way gate leading to the halls of Pandemonium.
 61800 | Depths:3 | Received a gift from Okawaru
 61869 | Depths:3 | Reached XP level 24. HP: 206/206 MP: 29/29
 61901 | Depths:3 | Reached skill level 21 in Fighting
 62002 | Depths:3 | Received a gift from Okawaru
 62692 | Depths:4 | Found a gateway to a ziggurat.
 62816 | Depths:4 | Noticed Frederick
 63080 | Depths:4 | Killed Frederick
 63196 | Depths:5 | Entered Level 5 of the Depths
 63222 | Depths:5 | Noticed Jory
 63252 | Depths:5 | Killed Jory
 63297 | Depths:5 | Reached skill level 5 in Spellcasting
 63320 | Depths:4 | Received a gift from Okawaru
 64056 | Depths:5 | Killed from afar by a spriggan air mage

Skill      XL: |  1  2  3  4  5  6  7  8  9 10 11 12 13 14 15 16 17 18 19 20 21 22 23 24 |
---------------+-------------------------------------------------------------------------+-----
Polearms       | 5 7 8 13 14 | 14.0
Fighting       | 3 4 7 8 11 13 14 15 16 17 18 20 21 | 21.4
Throwing       | 3 6 7 8 |  8.0
Dodging        | 5 9 10 13 15 16 18 19 20 | 20.6
Spellcasting   | 2 4 5 |  5.7
Necromancy     | 3 7 8 |  8.0
Shields        | 4 5 10 13 14 | 14.0
Invocations    | 2 3 |  3.0
Crossbows      | 8 9 11 12 13 14 17 18 | 18.0
Charms         | 4 7 8 |  8.0
Armour         | 2 5 6 8 |  8.0
Hexes          | 4 6 |  6.0
Translocations | 3 6 7 |  7.3

Action                   |  1- 3 |  4- 6 |  7- 9 | 10-12 | 13-15 | 16-18 | 19-21 | 22-24 || total
-------------------------+-------+-------+-------+-------+-------+-------+-------+-------++-------
Melee: Trident           |   140 |   194 |   225 |  1184 |   760 |   723 |  1375 |   961 ||  5562
       Tailslap          |       |     6 |       |     2 |       |       |       |       ||     8
       Punch             |       |       |       |       |    11 |    13 |    26 |    14 ||    64
 Fire: Blowgun           |       |       |     3 |    26 |       |       |       |       ||    29
       Arbalest          |       |       |       |       |   185 |   251 |   255 |   397 ||  1088
Throw: Throwing net      |     1 |       |     5 |     1 |     1 |       |     2 |       ||    10
       Javelin           |       |       |       |    15 |    10 |     8 |    25 |    15 ||    73
       Tomahawk          |       |       |       |     4 |       |       |       |       ||     4
 Cast: Animate Skeleton  |       |       |     4 |    66 |   123 |   123 |   106 |   101 ||   523
       Regeneration      |       |       |       |     3 |     4 |    75 |    77 |    56 ||   215
       Animate Dead      |       |       |       |       |       |       |     2 |    12 ||    14
       Blink             |       |       |       |       |       |       |       |     4 ||     4
Invok: Heroism           |       |       |       |    21 |    23 |    34 |    41 |    27 ||   146
       Finesse           |       |       |       |       |     2 |     3 |     7 |    11 ||    23
Evoke: Wand              |       |       |       |     1 |       |       |       |     2 ||     3
  Use: Scroll            |     2 |     2 |     8 |     9 |    10 |     7 |    14 |     6 ||    58
       Potion            |       |     3 |     4 |     2 |     1 |     4 |     9 |     4 ||    27
 Stab: Sleeping          |     3 |     3 |     2 |     7 |     2 |     3 |     1 |     2 ||    23
       Distracted        |       |     1 |     1 |     4 |     7 |    11 |    14 |    14 ||    52
       Held in net/web   |       |       |     6 |     2 |       |       |     3 |       ||    11
       Invisible         |       |       |       |     8 |       |       |       |       ||     8
       Confused          |       |       |       |       |     1 |       |       |       ||     1
  Eat: Chunk             |     2 |     5 |     5 |    20 |    19 |    26 |    22 |    26 ||   125
       Ration            |       |     1 |     2 |     4 |     5 |     9 |    10 |     8 ||    39
Armor: Leather armour    |    31 |     1 |       |       |       |       |       |       ||    32
       Skin              |       |     7 |     5 |       |       |       |       |       ||    12
       Robe              |       |    27 |    38 |    79 |    74 |    77 |    83 |       ||   378
       Ring mail         |       |       |       |       |       |       |    35 |   122 ||   157
Dodge: Dodged            |    94 |   133 |   140 |   365 |   450 |   806 |   866 |   747 ||  3601
Block: Shield            |       |       |       |   424 |    31 |       |       |       ||   455
       Other             |       |       |       |       |       |    57 |   188 |   167 ||   412
       Reflection        |       |       |       |       |       |     9 |    17 |    18 ||    44
